 Dungeon Crawl Stone Soup version 0.24-a0-251-g44e327ef01 (webtiles) character file.

Game seed: 12611419206751083403

174 EnegeticOcto the Twirler (level 5, -14/31 HPs)
             Began as a Deep Elf Gladiator on Apr 16, 2019.
             Killed from afar by an adder (31 damage)
             ... with an exploding inner flame
             ... hexed by the player character
             ... on level 2 of the Dungeon.
             The game lasted 00:04:39 (2329 turns).

EnegeticOcto the Twirler (Deep Elf Gladiator)       Turns: 2329, Time: 00:04:40

Health: -14/31     AC: 10    Str: 14    XL:     5   Next: 28%
Magic:  7/7        EV:  7    Int: 13    God:
Gold:   85         SH:  0    Dex: 16    Spells: 4/4 levels left

rFire    . . .     SeeInvis +   a - +0 quarterstaff
rCold    . . .     Gourm    .   (shield currently unavailable)
rNeg     . . .     Faith    .   t - +0 chain mail
rPois    .         Spirit   .   c - +1 helmet
rElec    .         Reflect  .   (no cloak)
rCorr    .         Harm     .   (no gloves)
MR       .....                  (no boots)
Stlth    ..........             p - amulet of magic regeneration
HPRegen  0.10/turn              j - +2 ring of strength
MPRegen  0.35/turn              w - ring of see invisible

@: no status effects
A: no striking features
a: no special abilities


You were on level 2 of the Dungeon.
You were not hungry.

You visited 1 branch of the dungeon, and saw 3 of its levels.

You collected 85 gold pieces.

Inventory:

Hand Weapons
 a - a +0 quarterstaff (weapon)
Missiles
 b - 26 arrows
 d - 2 throwing nets (quivered) {!f}
 l - 95 stones
Armour
 c - a +1 helmet (worn)
 t - a +0 chain mail (worn)
Jewellery
 j - a +2 ring of strength (left hand)
 p - an amulet of magic regeneration (around neck)
 u - an uncursed ring of ice
 w - a ring of see invisible (right hand)
Scrolls
 q - 2 scrolls of remove curse
 x - a scroll of immolation
Potions
 f - a potion of might {unknown}
 i - a potion of berserk rage {unknown}
 m - a potion of brilliance {unknown}
 n - a potion of flight {unknown}
 s - a potion of resistance {unknown}
Comestibles
 e - 6 rations
 v - 3 chunks of flesh


   Skills:
 + Level 2.7 Fighting
 * Level 5.0 Staves
 - Level 2.0 Throwing
 + Level 4.3 Dodging


You had 4 spell levels left.
You didn't know any spells.
Your spell library was empty.

Dungeon Overview and Level Annotations

Branches:
Dungeon (3/15)

Altars:


Message History

You climb downwards.
The orc barely misses you. The orc hits you but does no damage.
There is a stone staircase leading up here.
The orc hits you but does no damage.
You climb upwards.
There is a stone staircase leading down here.
You hit the orc.
The orc is heavily wounded.
The orc hits you with a +0 short sword.
You sock the orc!
You kill the orc!
No target in view!
No target in view!
No target in view!
You start resting.
Some of the chunks of flesh in your inventory have rotted away.
Eating one of 5 chunks of flesh.
You eat one of the 5 chunks of flesh.
This raw flesh tastes terrible.
HP restored.
Some of the chunks of flesh in your inventory have rotted away.
You climb downwards.
The bullfrog hits you but does no damage.
The adder bites you but does no damage. The adder barely misses you.
The bullfrog hits you.
There is a stone staircase leading up here.
The bullfrog hits you. The adder bites you but does no damage.
The bullfrog hits you but does no damage.
The adder bites you but does no damage.
You climb upwards.
There is a stone staircase leading down here.
The adder bites you but does no damage.
Things that are here:
a +0 short sword; a +0 leather armour; a cursed +0 dagger The adder bites you but does no damage.
The bullfrog hits you but does no damage.
As you read the scroll labeled LUURCH CIRPH, it crumbles to dust.
You feel blessed for a moment.
It was a scroll of remove curse.
The adder bites you but does no damage. x2
As you read the scroll labeled VEONLUO BAIQUL, it crumbles to dust.
The creatures around you are filled with an inner flame!
It was a scroll of immolation.
The adder bites you but does no damage.
As you read the scroll labeled ZOGAME KUNIQ, it crumbles to dust.
You hear a lullaby played backwards.
It was a scroll of random uselessness.
The adder bites you but does no damage.
As you read the scroll labeled GESIEKHA FEAS, it crumbles to dust.
It is a scroll of identify.
g - 2 potions of curing The adder bites you but does no damage. x2
As you read the scroll labeled ZAOMEE VINI, it crumbles to dust.
You feel momentarily disoriented.
It was a scroll of magic mapping.
The adder bites you.
As you read the scroll labeled PAAMUM BIFAVU, it crumbles to dust.
It is a scroll of enchant armour.
Your +0 helmet glows green for a moment.
The adder bites you but does no damage.
The bullfrog swells and bulges.
The adder bites you but does no damage. The adder barely misses you.
The adder bites you but does no damage. The bullfrog barely misses you.
The bullfrog hits you. The adder bites you but does no damage.
The bullfrog hits you. The bullfrog completely misses you.
The bullfrog barely misses you.
The bullfrog hits you but does no damage.
You closely miss the bullfrog. The bullfrog barely misses you.
You hit the bullfrog.
The bullfrog is moderately wounded.
The bullfrog hits you but does no damage.
The bullfrog barely misses you.
You hit the bullfrog.
The bullfrog is heavily wounded.
The bullfrog hits you.
You sock the bullfrog!
The bullfrog is almost dead.
The bullfrog hits you.
* * * LOW HITPOINT WARNING * * *
The bullfrog hits you.
* * * LOW HITPOINT WARNING * * *
You feel better. The bullfrog barely misses you. x2
You feel better.
The bullfrog's inner flame fades away.
The bullfrog hits you but does no damage.
You hit the bullfrog but do no damage.
The bullfrog is almost dead.
The bullfrog hits you but does no damage.
The bullfrog hits you.
You sock the bullfrog!
You kill the bullfrog!
Your Staves skill increases to level 5!
You have reached level 5!
The adder bites you but does no damage.
You hit the adder.
The adder is moderately wounded.
The adder bites you but does no damage.
You barely miss the adder.
The adder is moderately wounded.
The adder bites you but does no damage. x2
You sock the adder!
The adder explodes!
The fiery explosion engulfs you!!
Ouch! That really hurt!
You die...

###.##...###.......#######...
#.##...##....♣...##### #...
#.#######...♣.♣....[.######
#..........♣._.♣.....#.....
#####...........♣.♣............
#........#####...♣.......#.....
#........#...#...........#.....
#........#..§##.##.........####
#............§@.##.........#
#........#..§#####.........#
#........#...# #######...#
#........#...# #...#
##........#...# #####
#....>.######## #.###### #.#
#.#


There were no monsters in sight!

Vanquished Creatures
  A bullfrog (D:2)
  An orc wizard (D:3)
  A gnoll (D:1)
  2 adders (D:2)
  A worm (D:2)
  2 leopard geckos (D:2)
  5 orcs
  2 ball pythons
  7 bats
  A giant cockroach (D:1)
  6 hobgoblins
  3 jackals (D:2)
  4 frilled lizards
  8 goblins
  4 kobolds
  4 rats
52 creatures vanquished.

Notes
Turn   | Place    | Note
-------+----------+-------------------------------------------
     0 | D:1      | EnegeticOcto the Deep Elf Gladiator began the quest for the
                  | Orb.
     0 | D:1      | Reached XP level 1. HP: 12/12 MP: 3/3
   502 | D:1      | Reached XP level 2. HP: 17/17 MP: 4/4
   980 | D:1      | Reached XP level 3. HP: 21/21 MP: 5/5
  1054 | D:2      | Reached skill level 4 in Staves
  1194 | D:2      | Found a faded altar of an unknown god.
  2001 | D:2      | Reached XP level 4. HP: 23/26 MP: 6/6
  2204 | D:3      | Noticed a bullfrog
  2326 | D:2      | Killed a bullfrog
  2326 | D:2      | Reached skill level 5 in Staves
  2326 | D:2      | Reached XP level 5. HP: 17/31 MP: 7/7
  2329 | D:2      | Killed from afar by an adder

Levels and vault maps discovered:
D:1:      eino_arrival_cavern_d, layout_basic
D:2:      layout_basic, chequers_ecumenical_altar_simple_redux, first_ration
D:3:      layout_rooms

Skill      XL: |  1  2  3  4 |
---------------+-------------+-----
Fighting       | 2 |  2.7
Staves         | 4 5 |  5.0
Dodging        | 4 |  4.3
Throwing       | |  2.0

Action                   |  1- 3 |  4- 6 || total
-------------------------+-------+-------++-------
Melee: Quarterstaff      |   125 |    58 ||   183
Throw: Throwing net      |     1 |     3 ||     4
       Stone             |     9 |       ||     9
  Use: Scroll            |       |     6 ||     6
       Potion            |       |     2 ||     2
 Stab: Held in net/web   |     1 |     1 ||     2
  Eat: Chunk             |     3 |     2 ||     5
Armor: Leather armour    |    39 |       ||    39
       Chain mail        |    26 |    77 ||   103
Dodge: Dodged            |    86 |    36 ||   122

Table legend:
 A = Non-vault XP
 B = Vault XP
 C = Vault XP percentage of total XP
 D = Non-vault monster count
 E = Vault monster count
 F = Vault count percentage of total count
                 A         B        C        D         E       F
            +---------+---------+-------+---------+---------+-------
      Total |     249 |       0 |   0.0 |      52 |       0 |   0.0
            +---------+---------+-------+---------+---------+-------
        D:1 |      49 |       0 |   0.0 |      23 |       0 |   0.0
        D:2 |     146 |       0 |   0.0 |      18 |       0 |   0.0
        D:3 |      54 |       0 |   0.0 |      11 |       0 |   0.0
            +---------+---------+-------+---------+---------+-------
